 Dungeon Crawl Stone Soup version 0.19-a0-1878-gcbc8a98 (webtiles) character file.

166 shinino the Skirmisher (level 5, -3/48 HPs)
             Began as a Draconian Fighter on Oct 13, 2016.
             Slain by an ogre
             ... wielding a +0 giant club
              (20 damage)
             ... on level 3 of the Dungeon.
             The game lasted 00:05:40 (2730 turns).

shinino the Skirmisher (Draconian Fighter)          Turns: 2730, Time: 00:05:41

Health: -3/48      AC:  6    Str: 18    XL:     5   Next: 22%
Magic:  5/5        EV: 11    Int:  8    God:
Gold:   107        SH:  9    Dex: 12    Spells: 0 memorised, 4 levels left

rFire  . . .     SeeInvis .     u - +1 mace (crush)
rCold  . . .     Gourm    .     (armour unavailable)
rNeg   . . .     Faith    .     b - +0 shield
rPois  .         Spirit   .     (helmet restricted)
rElec  .         Dismiss  .     (no cloak)
rCorr  .         Reflect  .     i - +0 pair of gloves
MR     .....     Harm     .     (no boots)
Stlth  +.........               (no amulet)
                                (no ring)
                                (no ring)

@: no status effects
A: unfitting armour, cold-blooded, AC +5
a: no special abilities


You were on level 3 of the Dungeon.
You were not hungry.

You visited 1 branch of the dungeon, and saw 3 of its levels.

You collected 107 gold pieces.

Inventory:

Hand Weapons
 u - a +1 mace of crushing (weapon)
Armour
 b - a +0 shield (worn)
 i - a +0 pair of gloves (worn)
Scrolls
 a - a scroll of recharging {unknown}
 d - 3 scrolls of random uselessness {unknown}
 e - a scroll of fear {unknown}
 f - a scroll of identify {unknown}
 g - 3 scrolls of remove curse {unknown}
 l - a scroll of noise {unknown}
 m - a scroll of fog {unknown}
 n - a scroll of immolation {unknown}
 r - a scroll of magic mapping {unknown}
Potions
 c - a potion of might
 h - 2 potions of berserk rage {unknown}
 j - 2 potions of curing {unknown}
 k - 2 potions of invisibility {unknown}
 t - a potion of degeneration {unknown}
 v - a potion of heal wounds {unknown}
Books
 s - a book of Minor Magic

   Spells                             Type                      Level
   a - Magic Dart                     Conjuration                  1
   b - Blink                          Translocation                2
   c - Call Imp                       Summoning                    2
   d - Repel Missiles                 Charms/Air                   2
   e - Slow                           Hexes                        2
   f - Conjure Flame                  Conjuration/Fire             3
   g - Mephitic Cloud                 Conjuration/Poison/Air       3
Comestibles
 o - a beef jerky
 p - a meat ration
 q - 3 bread rations


   Skills:
 - Level 5.1 Fighting
   Level 2.0 Long Blades
 * Level 1.3 Maces & Flails
 - Level 4.0 Dodging
 - Level 3.0 Shields


You had 4 spell levels left.
You didn't know any spells.

Dungeon Overview and Level Annotations

Branches:
Dungeon (3/15)

Altars:
Trog

Annotations:
D:3 1 runed door


Innate Abilities, Weirdness & Mutations

Your plain brown scales are hard. (AC +5)
You cannot fit into any form of body armour.
You are cold-blooded and may be slowed by cold attacks.


Message History

A bat comes into view.
You sock the ogre!
The ogre is heavily wounded.
The bat moves out of view.
The ogre hits you with a giant club!!
Ouch! That really hurt!
An ooze comes into view.
The ooze quivers.
You are too injured to fight recklessly!
Your shield prevents you from hitting the ogre.
You tail-slap the ogre, but do no damage.
The ogre is heavily wounded.
The ogre barely misses you.
You sock the ogre!
The ogre is almost dead.
The ogre hits you with a giant club.
* * * LOW HITPOINT WARNING * * *
You hit the ogre.
The ogre is almost dead.
The ogre hits you with a giant club!!
You die...

.. ###.#.### ..J
#........ ....##
#..####.## .$b.###
###...##..... #...##
#...#.#...).. #lb#
#.###.#.....( ##.#
#.###....._.. #l#####
#.....#......
#bbO@.###.##..#....†.
#####.........##.....
##..####..####.##
#### #.......[.
#......... ##########


You could see an ogre, a leopard gecko and 2 bats.

Vanquished Creatures
  Robin (D:3)
  8 adders
  A gnoll (D:1)
  2 worms (D:2)
  2 dart slugs
  A leopard gecko (D:1)
  An orc (D:3)
  10 bats
  2 giant cockroaches
  10 goblins
  8 hobgoblins
  4 kobolds
  3 quokkas
  5 frilled lizards
  5 rats
63 creatures vanquished.

Notes
Turn   | Place    | Note
-------+----------+-------------------------------------------
     0 | D:1      | shinino the Draconian Fighter began the quest for the Orb.
     0 | D:1      | Reached XP level 1. HP: 19/19 MP: 1/1
   329 | D:1      | Reached XP level 2. HP: 9/26 MP: 2/2
   969 | D:1      | Reached skill level 4 in Fighting
  1030 | D:2      | Reached XP level 3. HP: 30/33 MP: 3/3
  1482 | D:2      | Reached XP level 4. HP: 32/41 MP: 4/4
  2127 | D:3      | Reached skill level 5 in Fighting
  2287 | D:3      | Reached XP level 5. HP: 36/48 MP: 5/5
  2478 | D:3      | Noticed Robin
  2504 | D:3      | Killed Robin
  2504 | D:3      | Reached skill level 1 in Maces & Flails
  2625 | D:3      | Found a runed door.
  2680 | D:3      | Found a bloodstained altar of Trog.
  2719 | D:3      | Noticed an ogre
  2730 | D:3      | Slain by an ogre

Vault maps used:
D:1:      minmay_arrival_open_corners
D:3:      old_standard_altar, first_bread, uniq_crazy_yiuf_cottage, uniq_robin

Skill      XL: |  1  2  3  4  5 |
---------------+----------------+-----
Dodging        | 3 4 |  4.0
Fighting       | 4 5 |  5.1
Maces & Flails | 1 |  1.3
Long Blades    | |  2.0
Shields        | |  3.0

Action                   |  1- 3 |  4- 6 || total
-------------------------+-------+-------++-------
Melee: Long sword        |    87 |    84 ||   171
       Tailslap          |     7 |    15 ||    22
       Mace              |       |    39 ||    39
 Stab: Sleeping          |     2 |       ||     2
  Eat: Bread ration      |     1 |       ||     1
       Beef jerky        |       |     1 ||     1
Armor: Skin              |    34 |    42 ||    76
Dodge: Dodged            |    54 |    68 ||   122
Block: Shield            |    42 |    74 ||   116
       Rpst.: Long sword |    17 |    13 ||    30
